 Dungeon Crawl Stone Soup version 0.32-a0-814-g0968bab981 (webtiles) character file.

Game seed: 1563039256797922708

41 senseless the Trooper (level 3, -2/43 HPs)
             Began as a Coglin Berserker on Mar 22, 2024.
             Was a Believer of Trog.
             Splashed by a jelly's acid (7 damage)
             ... on level 3 of the Dungeon.
             The game lasted 00:02:28 (1697 turns).

senseless the Trooper (Coglin Berserker)            Turns: 1697, Time: 00:02:28

Health: -2/43      AC:  2    Str: 17    XL:     3   Next: 52%
Magic:  3/3        EV: 11    Int:  6    God:    Trog [**....]
Gold:   61         SH:  0    Dex: 15    Spells: 2/2 levels left

rFire   . . .        a - +0 falchion {Cortez}
rCold   . . .        c - +0 dagger {Navbir}
rNeg    . . .        b - +0 animal skin
rPois   .            (no helmet)
rElec   .            (no cloak)
rCorr   .            (no gloves)
SInv    .            (no boots)
Will    .....        (amulet unavailable) Stlth
                     (ring unavailable)
HPRegen 0.27/turn    (ring unavailable)
MPRegen 0.08/turn    (no gizmo)

%: no passive effects
@: berserking, revved, very quick
A: off-hand wielding, slow wielding, warmup strikes, no jewellery
a: Invent Gizmo, Renounce Religion, Berserk, Trog's Hand


You were on level 3 of the Dungeon.
You worshipped Trog.
Trog was pleased with you.
You visited 1 branch of the dungeon, and saw 3 of its levels.

You collected 61 gold pieces.

Inventory:

Hand Weapons
 a - a +0 falchion (weapon) {Cortez}
 c - a +0 dagger (offhand) {Navbir}
Armour
 b - a +0 animal skin (worn)
Scrolls
 d - 2 scrolls of enchant armour {unknown}
 f - a scroll of torment {unknown}
 g - a scroll of acquirement {unknown}
 i - 2 scrolls of immolation {unknown}
 j - 2 scrolls of vulnerability {unknown}
 k - a scroll of poison {unknown}
Potions
 e - a potion of resistance {unknown}
 h - a potion of berserk rage {unknown}
 l - a potion of ambrosia {unknown}
 m - a potion of heal wounds {unknown}


   Skills:
 * Level 3.5 Fighting
 * Level 3.4 Long Blades
 + Level 2.1 Armour
 * Level 2.3 Dodging


You had 2 spell levels left.
You didn't know any spells.
Your spell library was empty.

Dungeon Overview and Level Annotations

Branches:
Dungeon (3/15)

Altars:

Annotations:
D:3 Grinder


Innate Abilities, Weirdness & Mutations

You can wield a second weapon in your off-hand.
It takes a long time for you to wield or remove held weapons.
Your first few attacks do less damage.
You cannot equip rings or amulets.


Message History

Pain shoots through your body!
You closely miss Grinder with your +0 falchion.
Grinder is lightly wounded.
You closely miss Grinder with your +0 dagger.
The jelly barely misses you. Grinder closely misses you.
You hit Grinder but do no damage.
Grinder is lightly wounded.
You hit Grinder with your +0 falchion. The giant cockroach bites you.
The jelly hits you.
You are splashed with acid!
* * * LOW HITPOINT WARNING * * *
Grinder misses you.
You are too injured to fight recklessly!
You are too injured to fight recklessly!
You are too injured to fight recklessly!
You are too injured to fight recklessly!
You are too injured to fight recklessly!
You are too injured to fight recklessly!
You are too injured to fight recklessly!
You are too injured to fight recklessly!
You are too injured to fight recklessly!
You are too injured to fight recklessly!
You are too injured to fight recklessly!
You are too injured to fight recklessly!
A red film seems to cover your vision as you go berserk!
You feel yourself moving faster!
You feel mighty! The giant cockroach closely misses you. The jelly misses you.
Grinder misses you.
You barely miss the jelly with your +0 falchion.
You barely miss the jelly with your +0 dagger.
The giant cockroach bites you but does no damage.
You hit the jelly with your +0 dagger.
Your graspers burn!
* * * LOW HITPOINT WARNING * * *
The jelly is moderately wounded.
You slash the jelly with your +0 falchion!
Your graspers burn!
* * * LOW HITPOINT WARNING * * *
The jelly hits you.
* * * LOW HITPOINT WARNING * * *
You are splashed with acid!
You die...

##.####.###.####
#...............
................
#....##.###...##
##.#. #.......#
#.. ##.##.#..#
#..#†..#.# #
#..†.....#
#...$B@..#
#...?.J5##
#.$.......
#.#.#.......
#.#.######.##
#.#. ... #. ###


You could see Grinder, a jelly and a giant cockroach.

Vanquished Creatures
  3 ribbon worms (D:2)
  A dart slug (D:2)
  An endoplasm (D:1)
  2 giant cockroaches
  3 goblins
  A hobgoblin (D:2)
  2 jackals (D:3)
  2 quokkas
  3 ball pythons (D:1)
  4 bats
  A frilled lizard (D:2)
  3 kobolds
  5 rats
31 creatures vanquished.

Notes
Turn   | Place    | Note
-------+----------+-------------------------------------------
     0 | D:1      | senseless the Coglin Berserker began the quest for the Orb.
     0 | D:1      | Reached XP level 1. HP: 18/18 MP: 1/1
   211 | D:1      | Reached XP level 2. HP: 24/24 MP: 2/2
   551 | D:1      | Found a faded altar of an unknown god.
   973 | D:2      | Reached XP level 3. HP: 29/29 MP: 3/3
  1443 | D:2      | Reached ** piety under Trog
  1688 | D:3      | Noticed Grinder
  1697 | D:3      | Splashed by a jelly's acid

Illustrated notes

Levels and vault maps discovered:
D:1:      onia_arrival_pentagram, layout_basic,
          shapermc_ecumenical_altar_hornbeckon
D:2:      layout_basic, serial_corexii_hall, chequers_hall_statues_y,
          chequers_hall_statues_wall_a, chequers_hall_statues_wall_a,
          chequers_hall_statues_corner_a, corner_web_ring
D:3:      layout_loops_ring, marbit_many_paths, hangedman_decor_diamond_cutter,
          kennysheep_minor_cross, uniq_grinder

Skill      XL: |  1  2 |
---------------+-------+-----
Dodging        | 2 |  2.3
Armour         | 2 |  2.1
Fighting       | |  3.5
Long Blades    | |  3.4

Action                     || total
---------------------------++-------
  Melee: Falchion          ||    99
         Dagger            ||    90
 Invoke: Berserk           ||     1
   Stab: Sleeping          ||     3
 Armour: Animal skin       ||    53
  Dodge: Dodged            ||    72

Table legend: (Time is in decaauts)
 A = Elapsed time spent in this place.
 B = Non-inter-level travel time spent in this place.
 C = Inter-level travel time spent in this place.
 D = Time resting spent in this place.
 E = Time spent auto-exploring this place.
 F = Levels seen in this place.
 G = Mean time per level.
                   A        B        C        D        E       F      G
               +--------+--------+--------+--------+--------+-----+--------+
         Total |   1707 |   1647 |     60 |      0 |   1396 |   3 |  569.0 |
       Dungeon |   1707 |   1647 |     60 |      0 |   1396 |   3 |  569.0 |
               +--------+--------+--------+--------+--------+-----+--------+

Top non-repeatable levels by time:
     D:2: 867 daAuts
     D:1: 755 daAuts
     D:3: 84 daAuts
